 Dungeon Crawl Stone Soup version 0.23-a0-378-gd7a6ca6 (webtiles) character file.

319216 MisterFreud the Wrestler (level 20, -18/191 HPs)
             Began as a Troll Monk on Oct 27, 2018.
             Was the Champion of Cheibriados.
             Demolished by a stone giant (55 damage)
             ... on level 4 of the Vaults.
             The game lasted 02:16:09 (34702 turns).

MisterFreud the Wrestler (Troll Monk)              Turns: 34702, Time: 02:16:10

Health: -18/191    AC: 14    Str: 39    XL:     20   Next: 59%
Magic:  17/30      EV: 25    Int: 27    God:    Cheibriados [******]
Gold:   2011       SH: 17    Dex: 30    Spells: 11/19 levels left

rFire    . . .     SeeInvis +     - Unarmed
rCold    . . .     Gourm    +   R - +2 shield
rNeg     + + .     Faith    +   k - +4 troll leather armour
rPois    .         Spirit   .   M - +0 mask of the Dragon {MR+ Slay+3 SInv}
rElec    +         Reflect  .   U - +2 cloak
rCorr    .         Harm     .   (gloves unavailable)
MR       +++..                  (boots unavailable)
Stlth    ++........             O - amulet of faith
HPRegen  1.61/turn              e - +5 ring of evasion
MPRegen  0.22/turn              K - ring "Zuisaf" {rN++ MR+ Dex+3}

@: marked, very slow
A: large, unfitting armour, claws 3, fast metabolism 3, gourmand, regeneration
2, shaggy fur 1, electricity resistance, tough skin 2
}: 2/15 runes: barnacled, gossamer
a: Bend Time, Temporal Distortion, Slouch, Step From Time, Renounce Religion


You were on level 4 of the Vaults.
You worshipped Cheibriados.
Cheibriados was exalted by your worship.
You were very full.

You visited 7 branches of the dungeon, and saw 36 of its levels.
You visited the Abyss 1 time.
You also visited: Trove and Sewer.

You collected 3824 gold pieces.
You spent 1813 gold pieces at shops.

Inventory:

Missiles
 a - 45 large rocks (quivered)
 w - 13 throwing nets
 I - 10 poisoned javelins
 P - 16 javelins of returning
 Y - 79 javelins
Armour
 i - a scarf of resistance
 k - a +4 troll leather armour (worn)
 x - a +2 robe of resistance
 H - the +2 robe of Muff {Int+4 Stlth+}
   (You found it on level 11 of the Dungeon)

   It affects your intelligence (+4).
   It makes you more stealthy.
 M - the +0 mask of the Dragon (worn) {MR+ Slay+3 SInv}
   (You bought it in a shop on level 2 of the Orcish Mines)

   It affects your accuracy and damage with ranged weapons and melee attacks
   (+3).
   It affects your resistance to hostile enchantments.
   It lets you see invisible.
 R - a +2 shield (worn)
 U - a +2 cloak (worn)
Jewellery
 e - a +5 ring of evasion (left claw)
 v - an uncursed ring of poison resistance
 K - the ring "Zuisaf" (right claw) {rN++ MR+ Dex+3}
   (You found it in a treasure trove)

   [ring of protection from magic]

   It affects your dexterity (+3).
   It greatly protects you from negative energy.
   It affects your resistance to hostile enchantments.
 O - an amulet of faith (around neck)
 T - a +4 ring of intelligence
 V - an uncursed ring of protection from cold
Wands
 c - a wand of digging (6)
 r - a wand of flame (200)
 y - a wand of paralysis (43)
 z - a wand of polymorph (14)
 D - a wand of acid (13)
 F - a wand of iceblast (15)
 S - a wand of enslavement (65)
Scrolls
 g - 12 scrolls of remove curse
 j - 14 scrolls of teleportation
 m - 6 scrolls of fog
 n - 10 scrolls of fear
 t - 3 scrolls of blinking
 u - 2 scrolls of identify
 E - 3 scrolls of magic mapping
 G - 3 scrolls of silence
 Q - 2 scrolls of enchant armour
 W - 3 scrolls of summoning
Potions
 d - 6 potions of agility
 f - 8 potions of heal wounds
 l - 10 potions of curing
 o - 7 potions of lignification
 p - 4 potions of ambrosia
 q - 7 potions of mutation
 s - 10 potions of brilliance
 A - a potion of resistance
 B - a potion of flight
 C - 4 potions of might
 L - a potion of cancellation
 X - 5 potions of invisibility
Miscellaneous
 h - 2 boxes of beasts
 N - a lamp of fire
 Z - a phial of floods
Comestibles
 b - 63 rations


   Skills:
 - Level 10.0 Fighting
 - Level 10.0 Throwing
 - Level 10.0 Dodging
 - Level 1.0 Stealth
 - Level 9.1 Shields
 + Level 21.3 Unarmed Combat
 - Level 4.0 Charms
 - Level 3.1 Translocations
 - Level 2.0 Air Magic
 + Level 15.1 Invocations
 - Level 10.0 Evocations


You had 11 spell levels left.
You knew the following spells:

 Your Spells              Type           Power        Failure   Level  Hunger
a - Blink                 Tloc           N/A          5%          2    ###....
b - Deflect Missiles      Chrm/Air       ###.......   99%         6    #######

Your spell library contained the following spells:

 Spells                   Type           Power        Failure   Level  Hunger
 Infusion                 Chrm           ###.         2%          1    ##.....
 Apportation              Tloc           ###...       3%          1    ##.....
 Song of Slaying          Chrm           ###.....     3%          2    ###....
 Shroud of Golubria       Chrm/Tloc      ###.......   4%          2    ###....
 Gell's Gravitas          Tloc           ###.......   11%         3    ####...
 Animate Skeleton         Necr           N/A          13%         1    ##.....
 Confusing Touch          Hex            #.....       13%         1    ##.....
 Flame Tongue             Conj/Fire      #....        13%         1    ##.....
 Magic Dart               Conj           #...         13%         1    ##.....
 Sting                    Conj/Pois      #...         13%         1    ##.....
 Summon Small Mammal      Summ           #...         13%         1    ##.....
 Poisonous Vapours        Pois/Air       #.....       13%         2    ###....
 Regeneration             Chrm/Necr      ##........   17%         3    ####...
 Spectral Weapon          Hex/Chrm       ##......     17%         3    ####...
 Call Imp                 Summ           #.......     19%         2    ###....
 Searing Ray              Conj           #.....       19%         2    ###....
 Slow                     Hex            #.......     19%         2    ###....
 Throw Flame              Conj/Fire      #.....       19%         2    ###....
 Recall                   Summ/Tloc      N/A          21%         3    ####...
 Mephitic Cloud           Conj/Pois/Air  #.......     28%         3    ####...
 Confuse                  Hex            #.......     36%         3    ####...
 Conjure Flame            Conj/Fire      #.......     36%         3    ####...
 Dazzling Spray           Conj/Hex       #.....       36%         3    ####...
 Inner Flame              Hex/Fire       #.......     36%         3    ####...
 Force Lance              Conj/Tloc      #.......     56%         4    #####..
 Summon Lightning Spire   Summ/Air       #.......     63%         4    #####..
 Fulminant Prism          Conj/Hex       #.........   77%         4    #####..
 Iskenderun's Mystic Bla  Conj           #.......     77%         4    #####..
 Olgreb's Toxic Radiance  Pois           #.......     77%         4    #####..
 Petrify                  Tmut/Erth      #.......     77%         4    #####..
 Sticky Flame             Conj/Fire      #.......     77%         4    #####..
 Summon Forest            Summ/Tloc      #.........   88%         5    ######.
 Silence                  Hex/Air        #.........   93%         5    ######.
 Aura of Abjuration       Summ           #.........   98%         5    ######.
 Fireball                 Conj/Fire      #.........   98%         5    ######.
 Metabolic Englaciation   Hex/Ice        #.........   98%         5    ######.
 Summon Demon             Summ           #.........   98%         5    ######.
 Summon Mana Viper        Hex/Summ       #.......     98%         5    ######.
 Venom Bolt               Conj/Pois      #.........   98%         5    ######.
 Yara's Violent Unravell  Hex/Tmut       #.........   98%         5    ######.
 Conjure Ball Lightning   Conj/Air       #.........   100%        6    #######
 Freezing Cloud           Conj/Ice/Air   #.........   100%        6    #######
 Shadow Creatures         Summ           N/A          100%        6    #######
 Ring of Flames           Chrm/Fire      ##........   100%        7    #######
 Tornado                  Air            ##........   100%        9    #######


Dungeon Overview and Level Annotations

Branches:
Dungeon (15/15)            Temple (1/1) D:4            Lair (6/6) D:11
 Shoals (4/4) Lair:2       Spider (4/4) Lair:4        Slime (0/5) Lair:5
    Orc (2/2) D:12            Elf (0/3) Orc:2        Vaults (4/5) D:13
  Crypt (0/3) Vaults:2     Depths (0/5) D:15

Altars:
Ashenzari
Cheibriados
Dithmenos
Elyvilon
Fedhas
Gozag
Hepliaklqana
Kikubaaqudgha
Makhleb
Nemelex Xobeh
Okawaru
Qazlal
Ru
Sif Muna
Trog
Uskayaw
Vehumet
Wu Jian
Xom
Yredelemnul
Zin
The Shining One
Beogh

Shops:
D:12 [   Orc:2 (}(?[   Shoals:2 *   Shoals:3 %   Vaults:1 ?


Innate Abilities, Weirdness & Mutations

You are too large for most types of armour.
You have claws for hands.
Your metabolism is lightning-fast.
You like to eat raw meat.
You heal very quickly.
You are covered in fur. (AC +1)
You have very tough skin. (AC +2)
You are resistant to electric shocks. (rElec)


Message History

* * * LOW HITPOINT WARNING * * *
You feel much better.
A yaktaur captain comes into view.
The tengu reaver gestures wildly while chanting.
The tengu reaver conjures a globe of magical energy!
You block the vault warden's attack.
You block the ironbrand convoker's attack.
The stone giant barely misses you.
A battlesphere comes into view.
You can feel time thicken for a moment.
You kill the ironbrand convoker!
Cheibriados appreciates the change of pace.
You kill the tengu reaver!
Cheibriados thoroughly appreciates the change of pace.
You destroy the battlesphere!
You feel somewhat less full.
The vault warden hits you with a +1 long sword.
* * * LOW HITPOINT WARNING * * *
The stone giant hits you!!!
You die...

.# ..#
.#############+#########
........................
........................
..........(...........c.
†.......................
..........(.(...........
.............(.))C......
...............)@p......
..........(.....))......
........................
..............(...§.....
###+########+####### ..


You could see a stone giant, a vault warden and a yaktaur captain.

Vanquished Creatures
  Rupert (D:13)
  Jorgrun (Spider:2)
  A tentacled monstrosity (Vaults:4)
  Asterion (Vaults:1)
  A tentacled starspawn (Abyss:3)
  A kraken (Shoals:3)
  A sphinx (Vaults:4)
  An ancient champion (Vaults:1)
  A shadow dragon (Vaults:4)
  Agnes (Vaults:1)
  Gastronok (Lair:2)
  The ghost of feelmyfire the Devastator, a journeyman DrCj of Sif Muna (Spider:1)
  4 tengu reavers
  A frost giant (Shoals:4)
  4 emperor scorpions
  10 vault wardens
  A fire giant (Vaults:2)
  4 ghost moths
  3 spriggan defenders (Vaults:1)
  A war gargoyle (Vaults:2)
  12 ironheart preservers
  6 entropy weavers
  2 very ugly things (Vaults:2)
  3 stone giants
  Azrael (D:14)
  Nessos (D:15)
  A dire elephant (D:15)
  A deep elf death mage (Vaults:2)
  An ettin (Vaults:4)
  4 merfolk javelineers (Shoals:4)
  A green death (Abyss:3)
  6 merfolk impalers
  3 fire dragons
  7 yaktaur captains
  2 ice dragons
  4 hydras
  Fannar (D:12)
  5 rakshasas
  2 great orbs of eyes
  10 vault guards
  Erolcha (Orc:2)
  5 merfolk avatars
  Erica (Lair:1)
  2 merfolk aquamancers
  A catoblepas (Lair:5)
  13 ogre magi
  39 two-headed ogres
  2 death knights
  9 centaur warriors
  A tengu warrior (D:15)
  A deep troll shaman (Vaults:1)
  A titan zombie (Vaults:4)
  A deep troll earth mage (Vaults:1)
  5 thrashing horrors (Abyss:3)
  A soul eater (Vaults:2)
  Nergalle (Orc:2)
  4 deep elf knights
  A shadow wraith (Vaults:2)
  8 deep trolls
  A fire crab (D:13)
  6 unseen horrors
  5 sea snakes
  3 wizards
  A wolf spider zombie (D:12)
  10 ironbrand convokers
  3 necromancers
  15 orc knights
  2 flayed ghosts
  7 deep elf archers
  8 deep elf magi
  9 harpies
  26 ugly things
  11 orc sorcerers
  36 wolf spiders
  3 orb spiders
  10 cyclopes
  A frost giant zombie (Vaults:1)
  A faun (Shoals:2)
  12 manticores
  3 moths of wrath (Spider:4)
  A fire giant skeleton (Vaults:1)
  19 elephants
  A black mamba (Lair:5)
  5 merfolk sirens
  A centaur zombie (D:14)
  6 water nymphs
  4 torpor snails
  A frost giant skeleton (Vaults:4)
  A smoke demon (Abyss:3)
  A water nymph (shapeshifter) (Vaults:4)
  13 vault sentinels
  2 spiny frogs (shapeshifter)
  A storm dragon simulacrum (Vaults:2)
  2 gargoyles
  23 spiny frogs
  2 rime drakes
  A yaktaur zombie (Vaults:4)
  A rime drake (shapeshifter) (Vaults:1)
  An efreet (Abyss:3)
  13 demonic crawlers
  A hellion (Abyss:3)
  A komodo dragon (shapeshifter) (Vaults:4)
  10 komodo dragons
  4 freezing wraiths
  34 yaktaurs
  3 tengu conjurers
  2 ancient zymes (Abyss:3)
  2 guardian mummies (D:11)
  37 jumping spiders
  A meliai (Spider:4)
  30 merfolk
  A meliai (shapeshifter) (Vaults:3)
  3 polar bears
  7 trolls
  5 wind drakes
  A polar bear (shapeshifter) (Spider:1)
  5 tyrant leeches (Lair:6)
  13 hornets
  8 raiju
  15 blink frogs
  4 dream sheep (Lair:6)
  31 slime creatures
  10 hippogriffs
  2 human simulacra
  A hippogriff (shapeshifter) (Vaults:4)
  A raiju (shapeshifter) (Vaults:3)
  9 snapping turtles
  56 redbacks
  5 water elementals
  A centaur simulacrum (D:15)
  A spriggan (shapeshifter) (Vaults:1)
  18 tarantellas
  3 wyverns
  2 hogs
  56 yaks
  A basilisk (shapeshifter) (Vaults:2)
  A vampire (D:12)
  2 shadows
  2 tarantellas (shapeshifter)
  A hog (shapeshifter) (Vaults:2)
  4 small abominations (Abyss:3)
  3 fire bats (Lair:1)
  3 fire elementals
  Grum (D:9)
  A basilisk (D:15)
  6 vampire mosquitoes (Lair:6)
  A deep troll zombie (Vaults:4)
  5 wargs
  3 soldier ants
  Edmund (D:4)
  4 acid dragons
  16 water moccasins
  2 hell hounds (D:14)
  An ogre skeleton (Vaults:1)
  6 porcupines
  32 orc warriors
  A swamp drake (Spider:1)
  10 ice beasts
  5 sky beasts
  2 phantoms
  An elf zombie (Vaults:2)
  A black bear (D:7)
  38 ogres
  3 necrophages
  7 boggarts
  18 wolves
  An orc skeleton (Vaults:2)
  22 centaurs
  2 big kobolds
  20 crocodiles
  36 bullfrogs
  A gnoll sergeant (D:9)
  A glowing shapeshifter simulacrum (Vaults:1)
  A wyvern zombie (D:12)
  2 yaktaur skeletons
  7 scorpions
  A wyvern skeleton (D:12)
  20 wights
  5 killer bees
  4 electric eels
  6 howler monkeys
  7 crimson imps
  2 bullfrog zombies
  A quasit (Abyss:3)
  6 jellies
  37 orc wizards
  6 bullfrog skeletons
  9 hounds
  12 orc priests
  5 centaur skeletons
  7 iguanas
  13 worker ants
  Ijyb (D:4)
  4 hell rats (Lair:5)
  A hound skeleton (D:9)
  7 gnolls
  A howler monkey skeleton (D:11)
  15 adders
  5 shadow imps
  2 oozes
  An adder skeleton (D:9)
  6 worms
  3 dart slugs
  5 leopard geckos
  71 orcs
  7 giant cockroaches
  6 goblins
  7 hobgoblins
  5 jackals
  2 quokkas
  3 ball pythons (Sewer)
  4 bats
  6 frilled lizards
  A jackal zombie (D:5)
  27 kobolds
  3 leopard gecko skeletons
  7 rats
  2 plants
  A starspawn tentacle (Abyss:3)
  3 tentacles (Shoals:3)
1487 creatures vanquished.

Vanquished Creatures (collateral kills)
  An entropy weaver (Spider:4)
1 creature vanquished.

Vanquished Creatures (others)
  A merfolk javelineer (Shoals:4)
  A redback (Spider:1)
  An orc (Vaults:3)
  7 fungi (Lair:6)
  2 lurking horrors (Abyss:3)
  39 plants
  3 starspawn tentacles (Abyss:3)
  5 tentacles (Shoals:3)
59 creatures vanquished.

Grand Total: 1547 creatures vanquished

Notes
Turn   | Place    | Note
-------+----------+-------------------------------------------
     0 | D:1      | MisterFreud the Troll Monk began the quest for the Orb.
     0 | D:1      | Reached XP level 1. HP: 22/22 MP: 0/0
    95 | D:1      | Reached XP level 2. HP: 25/29 MP: 1/1
   201 | D:1      | Reached skill level 4 in Unarmed Combat
   687 | D:1      | Reached XP level 3. HP: 35/36 MP: 2/2
   820 | D:2      | Found a radiant altar of Vehumet.
   884 | D:2      | Found a deep blue altar of Sif Muna.
   975 | D:2      | Noticed an ogre
   983 | D:2      | Killed an ogre
   983 | D:2      | Reached skill level 5 in Unarmed Combat
   983 | D:2      | Reached XP level 4. HP: 44/44 MP: 3/3
  1221 | D:2      | Found a hide-covered altar of Uskayaw.
  1324 | D:2      | Found a bloodstained altar of Trog.
  1603 | D:3      | Reached skill level 6 in Unarmed Combat
  1603 | D:3      | Reached XP level 5. HP: 44/50 MP: 4/4
  1740 | D:3      | Reached XP level 6. HP: 59/59 MP: 5/5
  1750 | D:3      | Reached skill level 7 in Unarmed Combat
  2000 | D:3      | Found a faded altar of an unknown god.
  2596 | D:4      | Noticed Edmund
  2604 | D:4      | Killed Edmund
  2604 | D:4      | Reached skill level 8 in Unarmed Combat
  2604 | D:4      | Reached XP level 7. HP: 53/66 MP: 6/6
  2621 | D:4      | Found a glowing drain.
  2630 | Sewer    | Entered a sewer
  2873 | Sewer    | Reached skill level 1 in Evocations
  2993 | D:4      | Found an iron altar of Okawaru.
  3033 | D:4      | Found a staircase to the Ecumenical Temple.
  3040 | Temple   | Entered the Ecumenical Temple
  3049 | Temple   | Became a worshipper of Cheibriados the Contemplative
  3049 | Temple   | Reached * piety under Cheibriados
  3049 | Temple   | Reached ** piety under Cheibriados
  3148 | D:5      | Entered Level 5 of the Dungeon
  3189 | D:4      | Noticed Ijyb
  3190 | D:4      | Paralysed by Ijyb for 5 turns
  3197 | D:4      | Killed Ijyb
  3602 | D:5      | Reached XP level 8. HP: 73/74 MP: 8/8
  3605 | D:5      | Found a blossoming altar of Fedhas.
  3834 | D:5      | Reached skill level 1 in Invocations
  3846 | D:5      | Reached *** piety under Cheibriados
  3925 | D:5      | Found a sparkling altar of Nemelex Xobeh.
  4430 | D:6      | Reached skill level 5 in Invocations
  4430 | D:6      | Reached XP level 9. HP: 79/80 MP: 11/11
  4470 | D:6      | Found a burning altar of Makhleb.
  5205 | D:7      | Reached **** piety under Cheibriados
  5816 | D:8      | Reached skill level 1 in Throwing
  5916 | D:8      | Noticed a two-headed ogre
  5925 | D:8      | Killed a two-headed ogre
  5925 | D:8      | Reached XP level 10. HP: 66/88 MP: 15/15
  6017 | D:8      | Noticed a two-headed ogre
  6025 | D:8      | Killed a two-headed ogre
  6025 | D:8      | Reached skill level 5 in Throwing
  6588 | D:9      | Reached skill level 5 in Dodging
  6699 | D:9      | Found an ancient bone altar of Kikubaaqudgha.
  6776 | D:9      | Found a shimmering altar of Xom.
  6796 | D:9      | Reached ***** piety under Cheibriados
  6802 | D:9      | Found a white marble altar of Elyvilon.
  6892 | D:9      | Noticed a two-headed ogre
  6897 | D:9      | Reached skill level 5 in Evocations
  6902 | D:9      | Killed a two-headed ogre
  7046 | D:9      | Noticed Grum
  7064 | D:9      | Killed Grum
  7330 | D:10     | Entered Level 10 of the Dungeon
  7366 | D:10     | Killed an unseen horror
  7366 | D:10     | Reached XP level 11. HP: 58/94 MP: 16/16
  7499 | D:10     | Learned a level 2 spell: Blink
  7534 | D:10     | Reached skill level 1 in Translocations
  7938 | D:11     | Noticed a two-headed ogre
  7947 | D:11     | Killed a two-headed ogre
  8010 | D:11     | Got a smoking robe
  8021 | D:11     | Identified the +2 robe of Muff {Int+4 Stlth+} (You found it
                  | on level 11 of the Dungeon)
  8223 | D:11     | Found a staircase to the Lair.
  8255 | D:11     | Found a portal to a secret trove of treasure.
  8368 | D:11     | Found a frozen archway.
  8412 | D:11     | Reached skill level 9 in Unarmed Combat
  8432 | D:11     | Noticed an eight-headed hydra
  8483 | Lair:1   | Entered Level 1 of the Lair of Beasts
  8486 | Lair:1   | Noticed a five-headed hydra
  8661 | D:11     | Killed a nine-headed hydra
  8661 | D:11     | Reached skill level 10 in Unarmed Combat
  8759 | D:11     | Reached ****** piety under Cheibriados
  9046 | D:12     | Noticed a six-headed hydra
  9052 | D:12     | Killed a nine-headed hydra
  9056 | D:12     | Reached XP level 12. HP: 19/110 MP: 17/17
  9056 | D:12     | HP: 3/110 [wolf spider zombie (17)]
  9062 | D:12     | Reached skill level 5 in Fighting
  9261 | D:12     | Noticed a two-headed ogre
  9269 | D:12     | Killed a two-headed ogre
  9363 | D:12     | Noticed Fannar
  9391 | D:12     | Killed Fannar
  9567 | D:12     | Paralysed by a hornet for 3 turns
  9579 | D:12     | Paralysed by a hornet for 1 turns
  9794 | D:12     | Found a staircase to the Orcish Mines.
  9964 | D:12     | Found Yninuc Quis's Armour Shop.
 10332 | Lair:1   | Killed a six-headed hydra
 10482 | Lair:1   | Noticed Erica
 10488 | Lair:1   | Reached skill level 10 in Throwing
 10490 | Lair:1   | Killed Erica
 11167 | Lair:2   | Reached XP level 13. HP: 120/120 MP: 18/18
 11182 | Lair:2   | Found a staircase to the Shoals.
 11222 | Lair:2   | Reached skill level 11 in Unarmed Combat
 11260 | Lair:2   | Noticed Gastronok
 11272 | Lair:2   | Killed Gastronok
 12193 | Lair:4   | Reached skill level 12 in Unarmed Combat
 12521 | Lair:4   | Found a hole to the Spider Nest.
 12587 | Lair:4   | Reached skill level 13 in Unarmed Combat
 13555 | Lair:5   | Reached skill level 14 in Unarmed Combat
 13846 | Lair:5   | Reached skill level 1 in Shields
 13925 | Lair:5   | Found a staircase to the Slime Pits.
 14442 | Lair:6   | Entered Level 6 of the Lair of Beasts
 14496 | Lair:6   | Reached XP level 14. HP: 80/130 MP: 19/19
 14714 | Lair:6   | Reached skill level 5 in Shields
 16387 | D:13     | Noticed Rupert
 16409 | D:13     | Killed Rupert
 17078 | D:13     | Found a gate to the Vaults.
 17105 | D:13     | Reached XP level 15. HP: 86/136 MP: 20/20
 17362 | D:14     | Reached skill level 10 in Dodging
 17443 | D:14     | Noticed Azrael
 17469 | D:14     | Killed Azrael
 17973 | D:15     | Entered Level 15 of the Dungeon
 18021 | D:15     | Found the +8 trident of the Octopus King {venom, rElec
                  | rPois MR+}
 18063 | D:15     | Found a shadowy altar of Dithmenos.
 18176 | D:15     | Reached skill level 15 in Unarmed Combat
 18310 | D:15     | Paralysed by an ogre mage for 3 turns
 18343 | D:15     | Noticed Nessos
 18350 | D:15     | Killed Nessos
 18455 | D:15     | Found a staircase to the Depths.
 18561 | Orc:1    | Entered Level 1 of the Orcish Mines
 19078 | Orc:2    | Entered Level 2 of the Orcish Mines
 19087 | Orc:2    | Reached skill level 16 in Unarmed Combat
 19286 | Orc:2    | Found Koleamaco's Weapon Shop.
 19536 | Orc:2    | Found a staircase to the Elven Halls.
 19737 | Orc:2    | Found Fuborr's Antique Weapon Shoppe.
 19767 | Orc:2    | Paralysed by an orc sorcerer for 4 turns
 19779 | Orc:2    | Noticed Nergalle
 19793 | Orc:2    | Killed Nergalle
 19795 | Orc:2    | Paralysed by an orc sorcerer for 3 turns
 19849 | Orc:2    | Found an ancient bone altar of Kikubaaqudgha.
 19872 | Orc:2    | Found Wyug's Gadget Shoppe.
 19895 | Orc:2    | Found a roughly hewn altar of Beogh.
 19895 | Orc:2    | Found Ote Tuwn's Magic Scroll Shoppe.
 19912 | Orc:2    | Noticed Erolcha
 19913 | Orc:2    | Found a radiant altar of Vehumet.
 19920 | Orc:2    | Killed Erolcha
 19953 | Orc:2    | Found Hipyjom's Antique Armour Emporium.
 19956 | Orc:2    | Bought a scroll of identify for 22 gold pieces
 19956 | Orc:2    | Bought a scroll of identify for 22 gold pieces
 19956 | Orc:2    | Bought a scroll of identify for 22 gold pieces
 19956 | Orc:2    | Bought a scroll of enchant armour for 82 gold pieces
 19956 | Orc:2    | Bought a scroll of fear for 38 gold pieces
 19956 | Orc:2    | Bought a scroll of summoning for 104 gold pieces
 19974 | Orc:2    | Bought the +0 mask of the Dragon {MR+ Slay+3 SInv} for 768
                  | gold pieces
 19974 | Orc:2    | Found the +0 mask of the Dragon {MR+ Slay+3 SInv}
 20533 | Spider:1 | Entered Level 1 of the Spider Nest
 20993 | Spider:1 | Found a runed door.
 20994 | Spider:1 | Noticed feelmyfire's ghost (journeyman DrCj)
 21016 | Spider:1 | Killed feelmyfire's ghost
 21304 | Spider:1 | Reached XP level 16. HP: 128/153 MP: 21/21
 21505 | Spider:1 | Gained mutation: You heal very quickly. [potion of
                  | mutation]
 21505 | Spider:1 | Gained mutation: You are resistant to electric shocks.
                  | (rElec) [potion of mutation]
 22024 | Spider:2 | Noticed Jorgrun
 22073 | Spider:2 | Killed Jorgrun
 22859 | Spider:3 | Reached skill level 10 in Fighting
 23007 | Spider:3 | Reached skill level 10 in Invocations
 23225 | Spider:4 | Entered Level 4 of the Spider Nest
 24089 | Spider:4 | Reached XP level 17. HP: 118/166 MP: 2/23
 24308 | Spider:4 | Got a gossamer rune of Zot
 24602 | Shoals:1 | Entered Level 1 of the Shoals
 24614 | Shoals:1 | Learned a level 6 spell: Deflect Missiles
 25139 | Shoals:2 | Reached skill level 1 in Air Magic
 25433 | Shoals:2 | Found Wisch's Island Escapes.
 25554 | Shoals:2 | Bought 2 potions of invisibility for 208 gold pieces
 25554 | Shoals:2 | Bought a scroll of fog for 26 gold pieces
 25554 | Shoals:2 | Bought 2 potions of invisibility for 208 gold pieces
 25554 | Shoals:2 | Bought a scroll of fog for 26 gold pieces
 25582 | Shoals:3 | Reached skill level 1 in Charms
 25617 | Shoals:3 | Reached skill level 17 in Unarmed Combat
 25924 | Shoals:3 | Noticed a kraken
 25956 | Shoals:3 | Killed a kraken
 26088 | Shoals:3 | Found Ziuva's Food Shoppe.
 26440 | Shoals:4 | Entered Level 4 of the Shoals
 26903 | D:11     | You paid a toll of 21 scrolls of identify to enter a
                  | treasure trove
 26904 | Trove    | Entered a treasure trove
 26952 | Trove    | Got a clouded golden ring
 26999 | D:11     | Identified the ring "Zuisaf" {rN++ MR+ Dex+3} (You found it
                  | in a treasure trove)
 27139 | Shoals:4 | Found an ornate altar of the Wu Jian Council.
 27331 | Shoals:4 | Cast into level 2 of the Abyss (merfolk impaler)
 27662 | Abyss:3  | Found a corrupted altar of Lugonu.
 27693 | Shoals:4 | Escaped the Abyss
 27999 | Shoals:4 | Reached skill level 10 in Evocations
 28319 | Shoals:4 | Identified the +12 whip of Miwn {protect, rN+ Dex+3}
 28381 | Shoals:4 | Reached XP level 18. HP: 107/174 MP: 24/24
 28408 | Shoals:4 | Got a barnacled rune of Zot
 28549 | Shoals:4 | Reached skill level 18 in Unarmed Combat
 29084 | Vaults:1 | Entered Level 1 of the Vaults
 30184 | Vaults:1 | Noticed Asterion
 30325 | Vaults:1 | Noticed Agnes
 30815 | Vaults:1 | Found Vytsoss's Magic Scroll Emporium.
 30823 | Vaults:1 | Bought a scroll of identify for 28 gold pieces
 30823 | Vaults:1 | Bought a scroll of fear for 49 gold pieces
 30823 | Vaults:1 | Bought a scroll of blinking for 105 gold pieces
 30823 | Vaults:1 | Bought a scroll of blinking for 105 gold pieces
 30873 | Vaults:1 | Killed Asterion
 30992 | Vaults:1 | Killed Agnes
 31225 | Vaults:1 | Reached skill level 19 in Unarmed Combat
 31476 | Vaults:2 | Reached XP level 19. HP: 109/182 MP: 21/26
 31734 | Vaults:2 | Identified the cursed +0 robe of Perfidy {Regen+ MP+9}
 31986 | Vaults:2 | Found a staircase to the Crypt.
 32339 | Vaults:2 | Reached skill level 20 in Unarmed Combat
 33069 | Vaults:3 | Found a burning altar of Makhleb.
 33526 | Vaults:3 | Reached XP level 20. HP: 168/191 MP: 29/29
 34247 | Vaults:4 | Reached skill level 21 in Unarmed Combat
 34690 | Vaults:4 | Reached skill level 15 in Invocations
 34702 | Vaults:4 | Demolished by a stone giant

Vault maps used:
D:1:      dpeg_arrival_pond, serial_glass, glass_columns_b, glass_columns_a,
          supply_closet_lemuel, grunt_decor_fettered
D:2:      nicolae_overflow_crystal_walls, lemuel_round_altar, vehumet_crystals,
          lightli_temple_of_fire
D:3:      chequers_ecumenical_altar_simple, chequers_decorated_corner
D:4:      okawaru_gym_becter, minmay_temple_entry_statues_fountains,
          cheibrodos_sewer_entry_drain, uniq_edmund, uniq_ijyb
D:5:      kennysheep_windowed_halls, kennysheep_mini, fedhas_ov_isle_minmay,
          first_ration, chequers_arboretum
D:6:      bloody_makhleb
D:9:      xom_teletrap_fun, elyvilon_altar_3, kiku_gazebo_pond_becter, uniq_grum
D:11:     lair_entry_dummy, nicolae_trove_entry_path_of_doom,
          portal_ice_cave_entry_ice_beasts
D:12:     orc_david_3, hangedman_pestilent_swarm, uniq_fannar
D:13:     four-leaf_vault, grunt_vaults_entry_fortified, uniq_rupert
D:14:     chequers_mini_garden, kennysheep_doodads, uniq_azrael
D:15:     hangedman_depths_entry_try_elsewhere_first, grunt_dithmenos_smoke,
          uniq_nessos
Temple:   nicolae_temple_no_exploring_needed
Lair:1:   nicolae_volcano_entry_batcave, beast_lair_carwin_5, uniq_erica
Lair:2:   shoals_dummy_entry, uniq_gastronok
Lair:3:   infiniplex_staircase_pool_2
Lair:4:   nicolae_spider_entry_non_spiders, infiniplex_staircase_pool,
          lemuel_fruit_fields, grunt_megastairs_1
Lair:5:   slime_dummy, wad_woods_river_02
Lair:6:   minmay_lair_end_frog_pond, chequers_serial_rivers_micro_b
Shoals:1: centaur_isle
Shoals:2: nicolae_island_escapes
Shoals:3: serial_shops, shop
Shoals:4: shoals_end_grunt_ice, lemuel_centaur_altar
Spider:1: gammafunk_ghost_grave, spider_trap
Spider:2: uniq_jorgrun
Spider:3: nicolae_crawler_farm
Spider:4: spider_rune_water
Orc:1:    nicolae_orc_accident_1
Orc:2:    kennysheep_orc_mage_school, serial_shops, shop
Vaults:1: v_misc_4, nicolae_vaults_rhombus_6, hangedman_vaults_nodes,
          ontoclasm_vaults_loading_screen, vaults_standard_mumra_x,
          nicolae_vaults_what_the_h, vaults_room_semicircle, sword_in_stone,
          vaults_room_pools, v_misc_27, serial_shops, nicolae_shop_trees
Vaults:2: minmay_crypt_entry_simple_corners, nicolae_vaults_back_hallway,
          st_eye, v_rooms_2, vaults_standard_mumra_enter_the_diamond,
          nicolae_vaults_puzzle_piece, nicolae_vaults_network_s,
          nicolae_vaults_rhombus_7, vaults_room_boxed,
          nicolae_vaults_yaktaur_gun_rack
Vaults:3: ontoclasm_vaults_ring_small, dpeg_vaults_monster_box,
          hangedman_vaults_cutoff, v_misc_28, nicolae_vaults_octagons,
          grunt_vaults_trifunnel, v_misc_28, ontoclasm_vaults_decontamination,
          vaults_dpeg_cross, hangedman_vaults_corner_blocks, basic_altar
Vaults:4: vaults_room_corners, nicolae_vaults_circle_grid_b, v_misc_33,
          minmay_guarded_unrand_guard_vaults, v_misc_4,
          nicolae_vaults_sealed_display, v_misc_26, ontoclasm_vaults_gateway,
          v_pattern_2, nicolae_vaults_diagonal_hallway_8,
          ontoclasm_vaults_misaligned, serial_shops, nicolae_shop_trees
Abyss:3:  nicolae_abyss_rune_star_stuff
Trove:    trove_garden
Sewer:    kennysheep_pipe_town

Skill      XL: |  1  2  3  4  5  6  7  8  9 10 11 12 13 14 15 16 17 18 19 20 |
---------------+-------------------------------------------------------------+-----
Unarmed Combat | 4 5 6 8 10 14 16 17 19 20 21 | 21.3
Evocations     | 2 4 5 6 7 10 | 10.0
Dodging        | 3 4 6 8 9 10 | 10.0
Invocations    | 5 8 10 11 14 15 | 15.1
Throwing       | 4 6 10 | 10.0
Translocations | 2 3 |  3.1
Fighting       | 4 6 8 10 | 10.0
Shields        | 3 9 |  9.1
Air Magic      | 2 |  2.0
Charms         | 2 4 |  4.0
Stealth        | |  1.0

Action                   |  1- 3 |  4- 6 |  7- 9 | 10-12 | 13-15 | 16-18 | 19-21 || total
-------------------------+-------+-------+-------+-------+-------+-------+-------++-------
Melee: Unarmed           |    59 |    98 |   316 |   618 |  1132 |  1501 |   703 ||  4427
       Punch             |       |     2 |    12 |    46 |    29 |       |       ||    89
Throw: Stone             |       |       |       |     1 |       |       |       ||     1
       Large rock        |       |       |       |       |    11 |    27 |       ||    38
Invok: Slouch            |       |       |       |     6 |    11 |    18 |    16 ||    51
       Temporal Distorti |       |       |       |       |     1 |       |       ||     1
Evoke: Wand              |       |       |     1 |    20 |    14 |    32 |     1 ||    68
       Phial of floods   |       |       |       |       |     1 |     2 |       ||     3
  Use: Potion            |       |     3 |       |     3 |     1 |    18 |     3 ||    28
       Scroll            |       |     3 |    11 |     2 |     3 |    15 |     2 ||    36
 Stab: Sleeping          |     3 |     1 |     5 |    13 |    18 |     7 |     5 ||    52
       Distracted        |       |       |     1 |     1 |     4 |     6 |     2 ||    14
       Paralysed         |       |       |       |    12 |    11 |       |       ||    23
  Eat: Chunk             |     9 |    16 |    27 |    33 |    73 |    76 |    26 ||   260
Armor: Robe              |    15 |    10 |    55 |    46 |   114 |   122 |       ||   362
       Skin              |       |       |       |       |     1 |       |       ||     1
       Troll leather arm |       |       |       |       |       |     6 |    57 ||    63
Dodge: Dodged            |    24 |    42 |   233 |   531 |   774 |  1194 |   332 ||  3130
Block: Shield            |       |       |       |       |   549 |  1346 |   457 ||  2352

Table legend:
 A = Non-vault XP
 B = Vault XP
 C = Vault XP percentage of total XP
 D = Non-vault monster count
 E = Vault monster count
 F = Vault count percentage of total count
                 A         B        C        D         E       F
            +---------+---------+-------+---------+---------+-------
      Total |  325976 |  214565 |  39.7 |    1038 |     446 |  30.1
            +---------+---------+-------+---------+---------+-------
        D:1 |      44 |       0 |   0.0 |      22 |       0 |   0.0
        D:2 |     140 |       0 |   0.0 |      10 |       0 |   0.0
        D:3 |     454 |       0 |   0.0 |      25 |       0 |   0.0
        D:4 |      93 |     192 |  67.4 |       8 |       4 |  33.3
        D:5 |     607 |     955 |  61.1 |      16 |      17 |  51.5
        D:6 |     884 |       0 |   0.0 |      21 |       0 |   0.0
        D:7 |     937 |       0 |   0.0 |      14 |       0 |   0.0
        D:8 |    2600 |       0 |   0.0 |      26 |       0 |   0.0
        D:9 |    3149 |     409 |  11.5 |      29 |       3 |   9.4
       D:10 |    2673 |       0 |   0.0 |      27 |       0 |   0.0
       D:11 |    5591 |    1746 |  23.8 |      35 |      10 |  22.2
       D:12 |    8559 |    1841 |  17.7 |      35 |       9 |  20.5
       D:13 |    3728 |   16083 |  81.2 |      28 |      27 |  49.1
       D:14 |    5945 |    2026 |  25.4 |      21 |       5 |  19.2
       D:15 |   15379 |    3625 |  19.1 |      30 |       4 |  11.8
     Lair:1 |    3462 |    3587 |  50.9 |      16 |      10 |  38.5
     Lair:2 |    2242 |    2078 |  48.1 |      15 |       1 |   6.2
     Lair:3 |    2079 |       0 |   0.0 |      11 |       0 |   0.0
     Lair:4 |    6893 |     869 |  11.2 |      30 |      10 |  25.0
     Lair:5 |    9669 |     298 |   3.0 |      35 |       2 |   5.4
     Lair:6 |   10685 |   11275 |  51.3 |      43 |      44 |  50.6
   Shoals:1 |    2190 |    1237 |  36.1 |       6 |       4 |  40.0
   Shoals:2 |    6889 |       0 |   0.0 |      16 |       0 |   0.0
   Shoals:3 |   16879 |       0 |   0.0 |      29 |       0 |   0.0
   Shoals:4 |    9993 |   22799 |  69.5 |      25 |      39 |  60.9
   Spider:1 |   14259 |    1966 |  12.1 |      42 |       1 |   2.3
   Spider:2 |    4444 |    2895 |  39.4 |      13 |       1 |   7.1
   Spider:3 |   18669 |    2199 |  10.5 |      43 |       7 |  14.0
   Spider:4 |   19008 |   21372 |  52.9 |      53 |      42 |  44.2
      Orc:1 |     824 |    1036 |  55.7 |      13 |       4 |  23.5
      Orc:2 |    3610 |    7476 |  67.4 |      42 |      34 |  44.7
   Vaults:1 |   36787 |   21629 |  37.0 |      63 |      29 |  31.5
   Vaults:2 |   33660 |   45245 |  57.3 |      76 |      60 |  44.1
   Vaults:3 |   24473 |   23054 |  48.5 |      45 |      34 |  43.0
   Vaults:4 |   36304 |   18533 |  33.8 |      51 |      21 |  29.2
    Abyss:3 |   12174 |       0 |   0.0 |      24 |       0 |   0.0
      Sewer |       0 |     140 | 100.0 |       0 |      24 | 100.0
            +---------+---------+-------+---------+---------+-------
